 Dungeon Crawl Stone Soup version 0.23.2-40-g277498a (webtiles) character file.

Game seed: 3522981717341875739

4999 Aphrodieselac the Spear-Bearer (level 10, -2/67 HPs)
             Began as a Merfolk Skald on Aug 13, 2019.
             Was a Priest of Okawaru.
             Slain by a two-headed ogre
             ... wielding a +0 giant club
              (10 damage)
             ... on level 9 of the Dungeon.
             The game lasted 00:43:31 (9548 turns).

Aphrodieselac the Spear-Bearer (Merfolk Skald)      Turns: 9548, Time: 00:43:32

Health: -2/67      AC: 13    Str: 13    XL:     10   Next: 54%
Magic:  4/13       EV: 11    Int: 14    God:    Okawaru [***...]
Gold:   513        SH:  0    Dex: 14    Spells: 5/13 levels left

rFire    . . .     SeeInvis .   W - +3 halberd
rCold    + . .     Gourm    .   (shield currently unavailable)
rNeg     . . .     Faith    .   G - +1 ring mail {rPois}
rPois    +         Spirit   .   V - +0 helmet
rElec    .         Reflect  .   T - +0 cloak
rCorr    .         Harm     .   i - +1 pair of gloves
MR       .....                  K - +0 pair of boots
Stlth    +.........             Z - amulet of the acrobat
HPRegen  0.21/turn              y - ring of protection from cold
MPRegen  0.13/turn              h - +2 ring of protection

@: infused
A: change form in water, swift swim, stealthy swim
a: Heroism, Renounce Religion


You were on level 9 of the Dungeon.
You worshipped Okawaru.
Okawaru was most pleased with you.
You were not hungry.

You visited 2 branches of the dungeon, and saw 11 of its levels.

You collected 513 gold pieces.

Inventory:

Hand Weapons
 a - a +0 spear
 s - a +0 blowgun
 x - a +0 bardiche
 H - a +0 trident
 W - a +3 halberd (weapon)
Missiles
 n - 13 tomahawks (quivered)
 t - 23 poisoned needles
 P - 4 curare-tipped needles
 S - a throwing net
Armour
 b - a +0 leather armour
 i - a +1 pair of gloves (worn)
 p - a +3 buckler
 G - a +1 ring mail of poison resistance (worn)
 K - a +0 pair of boots (worn)
 T - a +0 cloak (worn)
 V - a +0 helmet (worn)
Jewellery
 f - an uncursed amulet of regeneration
 g - an uncursed ring of protection from fire
 h - a +2 ring of protection (right hand)
 y - a ring of protection from cold (left hand)
 Z - an amulet of the acrobat (around neck)
Wands
 c - a wand of enslavement (8)
 w - a wand of acid (9)
 C - a wand of iceblast (8)
 D - a wand of digging (4)
 J - a wand of disintegration (11)
Scrolls
 e - 3 scrolls of identify
 j - 4 scrolls of magic mapping {unknown}
 k - a scroll of enchant armour
 l - 3 scrolls of blinking
 m - 4 scrolls of remove curse
 u - 4 scrolls of teleportation
 A - 2 scrolls of fear
 B - a scroll of random uselessness {unknown}
 F - 2 scrolls of immolation {unknown}
 O - a scroll of holy word {unknown}
 Q - a scroll of fog {unknown}
 U - a scroll of vulnerability {unknown}
 X - a scroll of enchant weapon {unknown}
Potions
 o - 2 potions of curing {unknown}
 q - a potion of brilliance {unknown}
 r - a potion of invisibility
 v - a potion of agility {unknown}
 z - a potion of might
 E - a potion of resistance {unknown}
 I - 2 potions of mutation {unknown}
 M - 2 potions of heal wounds
 N - a potion of cancellation {unknown}
 R - a potion of flight {unknown}
 Y - a potion of magic {unknown}
Comestibles
 d - 20 rations
 L - a chunk of flesh


   Skills:
 - Level 2.1 Fighting
 + Level 13.3 Polearms
 - Level 0.6 Armour
 - Level 2.6 Dodging
 - Level 2.0 Spellcasting
 - Level 13.0 Charms


You had 5 spell levels left.
You knew the following spells:

 Your Spells              Type           Power        Failure   Level  Hunger
a - Infusion              Chrm           ####         1%          1    ##.....
b - Song of Slaying       Chrm           #####...     1%          2    ###....
c - Shroud of Golubria    Chrm/Tloc      ###.......   5%          2    ###....
d - Spectral Weapon       Hex/Chrm       ###.....     11%         3    ####...

Your spell library contained the following spells:

 Spells                   Type           Power        Failure   Level  Hunger
 Regeneration             Chrm/Necr      ###.......   11%         3    ####...
 Freeze                   Ice            #...         45%         1    ##.....
 Magic Dart               Conj           #...         45%         1    ##.....
 Summon Small Mammal      Summ           #...         45%         1    ##.....
 Call Imp                 Summ           #.......     58%         2    ###....
 Searing Ray              Conj           #.....       58%         2    ###....
 Throw Frost              Conj/Ice       #.....       58%         2    ###....
 Call Canine Familiar     Summ           #.......     83%         3    ####...
 Dazzling Spray           Conj/Hex       #.....       83%         3    ####...
 Recall                   Summ/Tloc      N/A          83%         3    ####...
 Summon Guardian Golem    Hex/Summ       #.......     83%         3    ####...
 Force Lance              Conj/Tloc      #.......     99%         4    #####..
 Fulminant Prism          Conj/Hex       #.........   99%         4    #####..
 Iskenderun's Mystic Bla  Conj           #.......     99%         4    #####..
 Summon Ice Beast         Ice/Summ       #.......     99%         4    #####..
 Summon Lightning Spire   Summ/Air       #.......     99%         4    #####..
 Aura of Abjuration       Summ           #.........   100%        5    ######.
 Summon Demon             Summ           #.........   100%        5    ######.
 Summon Forest            Summ/Tloc      #.........   100%        5    ######.
 Summon Mana Viper        Hex/Summ       #.......     100%        5    ######.
 Bolt of Cold             Conj/Ice       #.........   100%        6    #######
 Shadow Creatures         Summ           N/A          100%        6    #######
 Simulacrum               Ice/Necr       #.........   100%        6    #######


Dungeon Overview and Level Annotations

Branches:
Dungeon (10/15)            Temple (1/1) D:5            Lair (0/6) D:9
    Orc (0/2) D:9

Altars:
Ashenzari
Cheibriados
Dithmenos
Elyvilon
Fedhas
Gozag
Hepliaklqana
Kikubaaqudgha
Makhleb
Nemelex Xobeh
Okawaru
Ru
Sif Muna
Trog
Uskayaw
Vehumet
Wu Jian
Yredelemnul
Zin
The Shining One
Beogh

Shops:
D:4 (


Message History

The two-headed ogre is moderately wounded.
The two-headed ogre barely misses you.
The two-headed ogre hits you with a +0 giant club!
You hit the two-headed ogre.
The two-headed ogre is moderately wounded.
You puncture the two-headed ogre!
The two-headed ogre is heavily wounded.
The two-headed ogre hits you with a +0 giant club! x2
* * * LOW HITPOINT WARNING * * *
You puncture the two-headed ogre!
The two-headed ogre is severely wounded.
You puncture the two-headed ogre!
The two-headed ogre is almost dead.
The two-headed ogre hits you with a +0 giant club.
* * * LOW HITPOINT WARNING * * *
The two-headed ogre closely misses you.
You barely miss the two-headed ogre.
The two-headed ogre is almost dead.
The two-headed ogre hits you with a +0 giant club!
You die...

#........######.
#........#
#..####..# #.
#..# #. #.W# ..
#. #..#
#..#######. #..#
#.......... #ZO#
#.......... #.@#
#.....>.... #..#
#....[..... #>.#
#......^..( #..#
#.......... #..#
#.......... #..#
#.......... #..#
#.......... #..#
#.......... #..#
#..........


You could see a two-headed ogre, a phantom and a centaur skeleton.

Vanquished Creatures
  A hippogriff (D:5)
  Eustachio (D:6)
  2 hungry ghosts (D:7)
  A steam dragon (D:8)
  4 ice beasts
  4 phantoms
  5 orc warriors
  2 sky beasts
  An eye of draining (D:9)
  A black bear (D:6)
  4 ogres
  A water moccasin zombie (D:6)
  6 bullfrogs
  A gnoll sergeant (D:4)
  3 scorpions
  6 wights (D:8)
  5 howler monkeys
  2 crimson imps
  A centaur zombie (D:5)
  A bullfrog zombie (D:5)
  2 hounds
  8 orc priests
  Crazy Yiuf (D:2)
  3 iguanas
  8 worker ants
  8 orc wizards
  2 hound skeletons
  6 gnolls
  12 adders
  2 shadow imps
  3 oozes
  2 adder zombies
  A worm (D:4)
  A dart slug (D:2)
  5 leopard geckos
  43 orcs
  6 ball pythons
  10 bats
  4 giant cockroaches
  10 goblins
  6 hobgoblins
  19 jackals
  4 kobolds
  3 quokkas
  2 frilled lizards (D:1)
  A leopard gecko skeleton (D:3)
  A quokka skeleton (D:7)
  5 rats
230 creatures vanquished.

Vanquished Creatures (others)
  A bat (D:2)
1 creature vanquished.

Grand Total: 231 creatures vanquished

Notes
Turn   | Place    | Note
-------+----------+-------------------------------------------
     0 | D:1      | Aphrodieselac the Merfolk Skald began the quest for the
                  | Orb.
     0 | D:1      | Reached XP level 1. HP: 16/16 MP: 3/3
   180 | D:1      | Reached XP level 2. HP: 15/22 MP: 5/5
   795 | D:2      | Reached XP level 3. HP: 26/27 MP: 6/6
  1035 | D:2      | Found a runed translucent door.
  1036 | D:2      | Noticed Crazy Yiuf
  1301 | D:2      | Reached XP level 4. HP: 29/33 MP: 2/7
  1784 | D:3      | Learned a level 2 spell: Song of Slaying
  1787 | D:3      | Learned a level 2 spell: Shroud of Golubria
  1848 | D:3      | Reached skill level 5 in Charms
  2069 | D:3      | Noticed a phantom
  2128 | D:3      | Killed a phantom
  2128 | D:3      | Reached skill level 5 in Polearms
  2128 | D:3      | Reached XP level 5. HP: 31/38 MP: 4/8
  2698 | D:4      | Found Wapirph's Weapon Boutique.
  2747 | D:4      | Reached XP level 6. HP: 34/44 MP: 4/9
  3076 | D:4      | Noticed a +0 dagger
  3077 | D:4      | Noticed a +0 dagger
  3081 | D:4      | Found a hide-covered altar of Uskayaw.
  3104 | D:4      | Identified the Catalogue of Cold
  3353 | D:4      | Reached XP level 7. HP: 50/50 MP: 7/10
  3730 | D:5      | Entered Level 5 of the Dungeon
  3814 | D:5      | Found a staircase to the Ecumenical Temple.
  3921 | D:4      | Learned a level 3 spell: Spectral Weapon
  4136 | D:5      | Reached XP level 8. HP: 52/56 MP: 0/11
  4149 | Temple   | Entered the Ecumenical Temple
  4223 | Temple   | Became a worshipper of Warmaster Okawaru
  4496 | D:5      | Noticed a hippogriff
  4765 | D:5      | Killed a hippogriff
  4765 | D:5      | Reached * piety under Okawaru
  5183 | D:6      | Reached skill level 10 in Charms
  5378 | D:6      | Noticed Eustachio
  5426 | D:6      | Killed Eustachio
  5426 | D:6      | Reached XP level 9. HP: 44/61 MP: 2/12
  5590 | D:6      | Reached ** piety under Okawaru
  5590 | D:6      | Reached skill level 10 in Polearms
  6403 | D:7      | You fall through a shaft for 3 floors!
  6403 | D:10     | Entered Level 10 of the Dungeon
  6410 | D:9      | Found an ornate altar of the Wu Jian Council.
  7342 | D:2      | Killed Crazy Yiuf
  7591 | D:8      | Reached XP level 10. HP: 67/67 MP: 8/13
  7843 | D:8      | Reached *** piety under Okawaru
  7924 | D:8      | Found a sacrificial altar of Ru.
  9098 | D:9      | Found a roughly hewn altar of Beogh.
  9103 | D:9      | Found a staircase to the Orcish Mines.
  9103 | D:9      | You fall through a shaft!
  9104 | D:10     | Noticed a two-headed ogre
  9432 | D:9      | Found a staircase to the Lair.
  9454 | D:9      | Noticed a cyclops
  9528 | D:9      | Noticed a two-headed ogre
  9548 | D:9      | Slain by a two-headed ogre

Skill      XL: |  1  2  3  4  5  6  7  8  9 10 |
---------------+-------------------------------+-----
Charms         | 4 6 7 8 10 12 13 | 13.0
Polearms       | 4 5 6 7 9 11 13 | 13.3
Fighting       | |  2.1
Armour         | |  0.6
Dodging        | |  2.6
Spellcasting   | |  2.0

Action                   |  1- 3 |  4- 6 |  7- 9 | 10-12 || total
-------------------------+-------+-------+-------+-------++-------
Melee: Spear             |   118 |   304 |   247 |       ||   669
       Trident           |       |       |   437 |     6 ||   443
       Halberd           |       |       |       |   202 ||   202
Throw: Tomahawk          |       |     3 |     3 |       ||     6
 Cast: Infusion          |     4 |    13 |    30 |     7 ||    54
       Shroud of Golubri |       |     1 |    13 |     6 ||    20
       Song of Slaying   |       |       |     1 |     3 ||     4
  Use: Scroll            |     1 |     2 |     4 |     1 ||     8
       Potion            |     3 |       |       |       ||     3
 Stab: Sleeping          |       |     1 |       |       ||     1
  Eat: Chunk             |     1 |     8 |    17 |     8 ||    34
Armor: Leather armour    |    17 |    65 |    39 |       ||   121
       Ring mail         |       |       |   194 |    67 ||   261
Dodge: Dodged            |    62 |   103 |   221 |    90 ||   476
Block: Buckler           |     7 |    57 |   145 |     1 ||   210
